Map: Jagannatha LE

Players

DANKCRAFT - Winner!

  • Race: Terran Terran
  • League: Diamond
  • Spawn Location: 1:00

LeeShenShun

  • Race: Zerg Zerg
  • League: Platinum
  • Spawn Location: 7:00

VOD

Have the link to the VOD?

Description

Time

  • Played on: March 7, 2021, 10:29 p.m.
  • Length: 28:00
Show
View Real Time Build Order
Export as new Build Order

DANKCRAFT Terran - Winner!

Build Orders: Reaper Expand 

Get SALT Encoding   

  12  0:02  SCV  
  13  0:14  SCV  
  14  0:33  SCV  
  15  0:36  Supply Depot  
  15  0:41  Refinery  
  15  0:58  Barracks, SCV  
  16  1:10  SCV  
  17  1:22  SCV  
  18  1:33  Command Center  
  18  1:40  SCV  
  19  1:58  Barracks  
  19  1:59  Reaper  
  20  2:08  SCV  
  21  2:20  SCV  
  22  2:24  Supply Depot  
  22  2:25  Refinery  
  22  2:32  SCV  
  23  2:45  SCV  
  23  2:47  Bunker  
  23  2:49  SCV  
  25  2:51  Marine  
  26  3:01  SCV  
  26  3:04  SCV  
  28  3:13  Engineering Bay, SCV  
  28  3:16  SCV  
  30  3:22  Refinery  
  30  3:25  SCV  
  31  3:39  Bunker  
  31  3:55  Planetary Fortress  
  27  3:56  Planetary Fortress  
  27  4:00  Marine  
  28  4:35  SCV  
  29  4:48  SCV  
  30  4:57  SCV  
  31  5:00  SCV  
  31  5:05  Factory  
  31  5:06  Factory  
  32  5:08  Factory  
  32  5:09  SCV  
  32  5:12  SCV  
  34  5:21  SCV  
  34  5:24  SCV  
  34  5:25  Refinery  
  36  5:29  Supply Depot  
  36  5:33  SCV  
  37  5:36  SCV  
  38  5:51  SCV x2  
  38  5:53  Hellion x2  
  38  5:55  Hellion  
  46  6:06  SCV x2  
  45  6:18  SCV  
  46  6:31  Supply Depot  
  46  6:35  Supply Depot  
  46  6:40  Supply Depot, Factory Reactor x3  
  46  6:46  Armory  
  46  6:50  Missile Turret  
  46  6:52  SCV x2  
  48  7:01  Reaper  
  48  7:04  SCV  
  48  7:05  SCV  
  51  7:17  SCV x2  
  51  7:22  Widow Mine  
  55  7:24  Command Center  
  55  7:25  Command Center  
  55  7:26  Widow Mine  
  55  7:29  Widow Mine  
  59  7:34  Widow Mine x2  
  63  8:01  Widow Mine  
  63  8:02  Widow Mine x2  
  63  8:05  SCV  
  70  8:13  Starport  
  70  8:15  Starport  
  70  8:32  Supply Depot  
  70  8:34  Supply Depot  
  70  8:36  Widow Mine x4, Supply Depot, SCV x2  
  80  8:48  SCV x2  
  82  8:54  Widow Mine x2  
  86  8:57  Widow Mine x4  
  86  9:00  SCV x2  
  96  9:07  Starport Tech Lab x2  
  96  9:09  Starport  
  96  9:10  Starport  
  96  9:15  Widow Mine, Planetary Fortress  
  96  9:16  Widow Mine  
  100  9:31  Planetary Fortress  
  100  9:32  SCV x2  
  102  9:44  SCV x2  
  102  9:48  Widow Mine  
  102  9:49  Widow Mine  
  105  9:56  Missile Turret x2, SCV x2  
  105  9:57  Missile Turret  
  99  10:08  SCV  
  94  10:31  Missile Turret  
  94  10:33  Widow Mine x4  
  94  10:34  Widow Mine  
  102  10:41  Missile Turret  
  102  10:46  Widow Mine  
  101  10:52  Missile Turret  
  101  10:59  Widow Mine  
  100  11:24  Missile Turret  
  100  11:25  Missile Turret  
  100  11:29  SCV  
  101  11:41  SCV  
  101  11:45  Widow Mine  
  106  11:53  SCV  
  105  12:06  Factory Tech Lab  
  105  12:28  Missile Turret  
  105  12:33  Refinery  
  105  12:52  Engineering Bay  
  105  13:13  Supply Depot  
  105  13:14  Supply Depot  
  105  13:20  Supply Depot  
  105  13:22  Supply Depot  
  105  13:35  Hellion, SCV x2  
  105  13:36  SCV  
  110  13:43  Command Center  
  110  13:47  SCV x2  
  113  13:48  SCV  
  113  13:54  Starport Tech Lab x3  
  113  13:59  Hellion x5, SCV  
  124  14:04  Refinery  
  124  14:05  Refinery  
  124  14:08  Refinery  
  124  14:11  SCV  
  125  14:23  SCV x3  
  128  14:31  Raven  
  128  14:32  Raven  
  133  14:38  SCV  
  133  14:47  Supply Depot  
  133  14:49  Supply Depot  
  133  14:55  Raven x2, SCV  
  138  15:05  Drilling Claws  
  138  15:14  Raven x2  
  138  15:15  Command Center  
  142  15:34  Missile Turret  
  140  15:37  Raven  
  140  15:39  Missile Turret x2  
  140  15:40  Missile Turret  
  140  15:48  Planetary Fortress  
  138  15:51  Raven  
  138  15:53  Missile Turret  
  138  15:54  Missile Turret  
  140  15:57  Raven x2  
  144  16:06  SCV x3  
  147  16:18  SCV x2  
  154  16:50  Viking x4  
  144  17:20  Viking x4  
  148  17:49  Viking  
  148  17:50  Viking x3  
  140  18:19  Viking  
  138  18:20  Viking x3  
  141  18:27  Refinery x2  
  132  18:49  Viking  
  91  20:01  Viking x2  
  91  20:02  Viking x2  
  87  20:31  Viking x2  
  87  20:32  Viking x2  
  87  21:00  Viking  
  87  21:01  Viking x2  
  87  21:02  Viking  
  93  21:09  Hellion x5  
  101  21:30  Hellion, Viking  
  101  21:31  Viking x3  
  107  22:00  Viking  
  97  22:42  Command Center  
  97  22:49  Hellion x5  
  107  23:10  Hellion  
  107  23:11  Missile Turret  
  109  23:41  Missile Turret  
  109  23:47  Viking x2  
  107  24:16  Viking x2  
  100  24:49  SCV x2  
  100  24:50  Refinery  
  100  24:51  Refinery  
  101  25:01  SCV x2  
  101  25:03  Planetary Fortress  
  103  25:11  Missile Turret  
  89  26:02  SCV  
  90  26:08  SCV  
  90  26:09  SCV  
  92  26:15  SCV  
  93  26:20  SCV  
  93  26:21  SCV  
  95  26:27  Ghost Academy, SCV  
  95  26:30  Ghost Academy  
  95  26:32  SCV  
  97  26:33  SCV  
  97  26:39  SCV  
  99  26:44  SCV  
  99  26:45  SCV  
  101  26:51  SCV  
  100  26:56  SCV  
  100  26:57  SCV  
Show
View Real Time Build Order
Export as new Build Order

LeeShenShun Zerg 

Build Orders: Hatch First, Muta Ling Bane, Zergling Baneling 

Get SALT Encoding   

  12  0:02  Drone  
  13  0:18  Drone  
  13  0:20  Overlord  
  14  0:35  Extractor, Drone  
  15  0:49  Hatchery  
  14  0:50  Drone  
  14  0:56  Drone  
  16  1:01  Drone  
  17  1:15  Spawning Pool  
  17  1:17  Extractor  
  15  1:30  Drone x2  
  17  2:02  Zergling x4  
  17  2:03  Zergling x4  
  17  2:07  Baneling Nest  
  20  2:09  Extractor  
  20  2:13  Queen, Zergling x2  
  20  2:14  Queen  
  24  2:24  Drone  
  24  2:25  Drone  
  26  2:43  Drone  
  26  2:44  Drone  
  27  2:47  Overlord x2  
  27  3:07  Baneling x5  
  27  3:08  Baneling x3  
  27  3:10  Zergling x2  
  27  3:11  Zergling x2  
  29  3:23  Metabolic Boost  
  26  3:36  Zergling x8  
  30  3:54  Zergling x2  
  30  3:55  Zergling x6  
  33  3:58  Baneling  
  33  3:59  Baneling x3  
  33  4:03  Drone  
  33  4:20  Baneling x4  
  33  4:21  Baneling x2  
  32  4:24  Drone  
  32  4:25  Drone x2  
  35  4:32  Baneling x2  
  29  4:46  Zergling x2  
  29  4:47  Zergling x8  
  33  4:59  Drone  
  33  5:00  Drone x2  
  35  5:18  Extractor, Drone x2  
  36  5:22  Lair  
  36  5:30  Hatchery  
  36  5:33  Baneling  
  36  5:34  Baneling x5  
  35  5:38  Drone  
  35  5:40  Drone  
  37  5:44  Baneling  
  37  5:45  Baneling x3  
  37  5:55  Drone x3  
  37  5:56  Drone  
  36  6:21  Spire, Drone  
  36  6:22  Drone x5  
  41  6:27  Extractor  
  40  6:45  Centrifical Hooks  
  40  6:46  Zergling x2  
  41  6:47  Zergling x8  
  45  6:55  Spore Crawler  
  45  6:57  Spore Crawler  
  45  7:00  Drone  
  44  7:08  Baneling x3  
  44  7:09  Baneling x4  
  44  7:14  Drone x4  
  48  7:15  Overlord x2  
  47  7:38  Mutalisk x4  
  53  8:03  Mutalisk  
  53  8:04  Extractor, Mutalisk x2  
  58  8:06  Overlord x4  
  58  8:11  Drone  
  58  8:12  Drone  
  60  8:23  Mutalisk  
  60  8:24  Mutalisk  
  64  8:35  Mutalisk  
  64  8:36  Drone  
  64  8:37  Drone, Hatchery  
  67  8:47  Mutalisk  
  67  8:48  Mutalisk  
  71  8:56  Mutalisk  
  73  9:07  Zergling x2  
  73  9:08  Zergling x12  
  80  9:11  Drone  
  81  9:21  Drone  
  81  9:22  Drone x2  
  84  9:24  Overlord  
  80  10:06  Zergling x18  
  80  10:07  Zergling x4  
  89  10:23  Zergling x10  
  78  10:46  Drone  
  78  10:47  Drone x7  
  80  11:00  Baneling x2  
  80  11:01  Baneling x8  
  70  11:23  Infestation Pit  
  69  11:27  Extractor  
  69  11:29  Extractor  
  62  11:37  Hatchery  
  61  11:45  Corruptor x2  
  61  11:46  Corruptor x10  
  77  12:09  Drone  
  77  12:10  Drone x7  
  85  12:26  Hive  
  85  12:31  Corruptor  
  85  12:32  Corruptor x7  
  101  12:40  Extractor  
  101  12:43  Drone x4  
  104  12:45  Overlord x2  
  104  13:09  Drone  
  104  13:10  Drone x5  
  110  13:19  Overlord x2  
  110  13:20  Overlord x4  
  110  13:37  Hatchery  
  109  13:42  Corruptor x7  
  123  13:52  Greater Spire  
  123  13:57  Overseer x4  
  123  13:58  Overseer  
  123  14:00  Pneumatized Carapace  
  123  14:04  Zergling x8  
  123  14:05  Zergling x2  
  128  14:18  Spire  
  128  14:20  Drone x4  
  131  14:42  Corruptor  
  131  14:44  Corruptor x9  
  151  14:57  Zergling x2  
  151  14:58  Zergling x8  
  156  15:02  Hatchery  
  156  15:05  Brood Lord x2  
  159  15:10  Brood Lord  
  161  15:21  Brood Lord x2  
  161  15:22  Brood Lord x2  
  164  15:29  Brood Lord  
  164  15:30  Brood Lord  
  164  15:33  Brood Lord  
  170  15:41  Zergling x6  
  170  15:42  Zergling x2  
  174  15:45  Overlord  
  174  15:46  Overlord x2  
  170  15:58  Spine Crawler  
  160  16:43  Corruptor x9  
  160  16:44  Corruptor x3  
  184  16:54  Brood Lord  
  186  17:01  Spine Crawler  
  185  17:12  Corruptor x3  
  182  17:34  Spore Crawler  
  181  17:37  Spore Crawler  
  181  17:38  Spore Crawler  
  181  17:43  Brood Lord  
  181  17:44  Brood Lord  
  181  18:04  Zergling x2  
  181  18:05  Zergling x12  
  150  18:56  Spore Crawler  
  150  18:57  Spore Crawler  
  150  19:00  Spore Crawler  
  150  19:01  Spore Crawler  
  142  19:02  Spore Crawler  
  142  19:03  Spore Crawler x2  
  83  19:51  Corruptor  
  83  19:52  Corruptor x6  
  67  20:12  Drone x12  
  66  20:34  Extractor  
  66  20:35  Extractor  
  60  21:03  Corruptor  
  60  21:05  Drone  
  48  21:23  Drone  
  38  22:29  Zergling x6  
  41  22:32  Zergling x18  
  50  22:52  Zergling x2  
  50  22:53  Zergling x4  
  50  23:56  Hydralisk Den  
  44  24:11  Zergling x2  
  44  24:12  Zergling x16  
  52  24:19  Baneling  
  52  24:20  Baneling x2  
  52  24:21  Baneling  
  47  24:50  Hydralisk  
  47  24:51  Hydralisk x2  
  53  25:13  Hydralisk  
  55  25:14  Hydralisk  
  34  25:57  Hydralisk x4  
  42  26:19  Hydralisk x2  
  46  26:34  Drone  
  46  26:35  Drone x2  
  49  26:53  Drone x3  
  38  27:20  Hydralisk x3  
Tags
 
Add a new tag
Caveats
  • Supply blocks, unpowered buildings, or Contaminate may cause inaccurate times.
  • Supply counts are checked every 10 seconds.